 Dungeon Crawl Stone Soup version bcrawl-1.31 (webtiles) character file.

Game seed: 18199413217355225951

478636 RaHiT the Basher (level 15, -35/92 HPs)
             Began as a Skeleton Archaeologist on Mar 26, 2021.
             Was an Initiate of Gozag.
             Annihilated by a titanic slime creature (69 damage)
             ... on level 12 of the Dungeon on Mar 27, 2021.
             The game lasted 03:18:14 (22098 turns).

RaHiT the Basher (Skeleton Archaeologist)          Turns: 22098, Time: 03:18:15

Health: -35/92     AC: 23    Str:  8 (18) XL:     15   Next: 11%
Magic:  0/31       EV: 17    Int: 23      God:    Gozag
Gold:   1448       SH:  7    Dex:  7 (10) Spells: 25/38 levels left

rFire    + . .     SeeInvis .   Y - +4 morningstar (protect)
rCold    + + +     Gourm    .   W - +0 buckler {reflect}
rNeg     + + +     Faith    .   L - +1 robe "Kietaol" {rF+ rC+ Regen+ Int+4 Slay+3}
rPois    ∞         Spirit   +   r - +2 hat
rElec    .         Reflect  +   q - scarf {clouds}
rCorr    .         Harm     .   s - +2 pair of gloves {Dex+3}
MR       ++...                  e - +2 pair of boots
Stlth    ++........             M - amulet "Etudwapu" {Regen rC+}
HPRegen  0.65/turn              m - +3 ring of evasion
MPRegen  0.22/turn              B - +4 ring of protection

@: protection aura, studying 2 skills
A: no food or potions, cold resistance 1, deterioration 1, negative energy
resistance 3, powered by death 1, torment resistance, unbreathing, magic shield,
sturdy frame 2, spell healing
a: Potion Petition, Call Merchant, Bribe Branch, Renounce Religion, Evoke Fog


You were on level 12 of the Dungeon.
You worshipped Gozag.
Gozag was most pleased with you.
You were not hungry.

You visited 4 branches of the dungeon, and saw 20 of its levels.
You also visited: Gauntlet.

You collected 6518 gold pieces.
You spent 2992 gold pieces at shops.
You paid 2078 gold pieces to Gozag.

Inventory:

Hand Weapons
 a - a +3 mace of freezing
 b - a +0 blowgun
 Y - a +4 morningstar of protection (weapon)
Missiles
 f - a curare-tipped needle
 k - 3719 stones
 n - 2389 bolts
 o - 239 javelins (quivered)
 v - 419 poisoned needles
 E - 276 poisoned tomahawks
 F - 3 throwing nets {=f}
Armour
 c - a +3 buckler
 e - a +2 pair of boots (worn)
 q - a scarf of clouds (worn)
 r - a +2 hat (worn)
 s - a +2 pair of gloves of dexterity (worn)
 D - a +0 scale mail of cold resistance
 L - the +1 robe "Kietaol" (worn) {rF+ rC+ Regen+ Int+4 Slay+3}
   (You found it in a Gauntlet)

   It affects your intelligence (+4).
   It affects your accuracy and damage with ranged weapons and melee attacks
   (+3).
   It protects you from fire.
   It protects you from cold.
   It increases your rate of regeneration.
 T - a +0 ring mail of fire resistance
 W - a +0 buckler of reflection (worn)
Magical Staves
 R - an uncursed staff of power
Jewellery
 j - an uncursed ring of resist corrosion
 m - a +3 ring of evasion (left hand)
 u - an uncursed ring of protection from magic
 w - a cursed ring of ice
 B - a +4 ring of protection (right hand)
 H - a +5 ring of strength
 M - the amulet "Etudwapu" (around neck) {Regen rC+}
   (You found it in a Gauntlet)

   [amulet of regeneration]

   It protects you from cold.
 N - an uncursed amulet of magic regeneration
 O - a +4 amulet of reflection
 V - an uncursed ring of wizardry
 X - the ring "Rizxa Xeudo" {+Fly rF+ MP+9 Str-5}
   (You found it on level 6 of the Lair of Beasts)

   [ring of flight]

   It affects your strength (-5).
   It protects you from fire.
   It affects your magic capacity (+9).
   It lets you fly.
Wands
 C - a wand of paralysis (16)
 G - a wand of polymorph (2)
 I - a wand of clouds (2)
 P - a wand of flame (19)
 Q - a wand of scattershot (5)
 U - a wand of disintegration (3)
Scrolls
 d - 4 scrolls of immolation
 g - 3 scrolls of magic mapping
 i - 6 scrolls of identify
 l - 6 scrolls of teleportation
 p - 2 scrolls of fear
 t - 2 scrolls of summoning
 x - 5 scrolls of enchant weapon
 y - a scroll of blinking
 A - 6 scrolls of amnesia
 J - 2 scrolls of vulnerability
 K - a scroll of fog
 S - 4 scrolls of remove curse
 Z - a scroll of enchant armour
Miscellaneous
 h - a sack of spiders
 z - a phantom mirror


   Skills:
 - Level 10.0 Fighting
 - Level 14.0 Maces & Flails
 - Level 10.0 Throwing
 - Level 10.0 Armour
 - Level 10.0 Dodging
 - Level 4.0 Stealth
 + Level 12.0 Shields
 - Level 12.1 Spellcasting
 + Level 8.2 Ice Magic
 - Level 8.0 Evocations


You had 25 spell levels left.
You knew the following spells:

 Your Spells              Type           Power        Failure   Level  Hunger
a - Corona                Hex            ##.....      7%          1    N/A
b - Blink                 Tloc           N/A          11%         2    N/A
c - Mephitic Cloud        Conj/Pois/Air  ##......     21%         3    N/A
d - Ozocubu's Refrigerat  Ice            ######....   34%         6    N/A
o - Apportation           Tloc           ##....       7%          1    N/A

Your spell library contained the following spells:

 Spells                   Type           Power        Failure   Level  Hunger
 Ensorcelled Hibernation  Hex/Ice        ####..       1%          2    N/A
 Animate Skeleton         Necr           N/A          7%          1    N/A
 Infusion                 Chrm           ##......     7%          1    N/A
 Magic Dart               Conj           ##..         7%          1    N/A
 Pain                     Necr           ##....       7%          1    N/A
 Sandblast                Erth           ##....       7%          1    N/A
 Slow                     Hex            ##......     7%          1    N/A
 Sting                    Conj/Pois      ##..         7%          1    N/A
 Summon Butterflies       Summ           ##......     7%          1    N/A
 Call Imp                 Summ           ##....       11%         2    N/A
 Passwall                 Tmut/Erth      ##......     11%         2    N/A
 Poisonous Vapours        Pois/Air       ##....       11%         2    N/A
 Confuse                  Hex            ##......     21%         3    N/A
 Conjure Flame            Conj/Fire      ##......     21%         3    N/A
 Dazzling Orbs            Conj/Hex       ##.....      21%         3    N/A
 Ignite Poison            Fire/Tmut/Pois ##......     21%         3    N/A
 Recall                   Summ/Tloc      N/A          21%         3    N/A
 Stone Arrow              Conj/Erth      ##....       21%         3    N/A
 Tukima's Dance           Hex            ##......     21%         3    N/A
 Vampiric Draining        Necr           ##........   21%         3    N/A
 Metabolic Englaciation   Hex/Ice        ####......   34%         5    N/A
 Agony                    Necr           ##......     56%         4    N/A
 Animate Dead             Necr           N/A          56%         4    N/A
 Cause Fear               Hex            ##........   56%         4    N/A
 Olgreb's Toxic Radiance  Pois           ##.......    56%         4    N/A
 Petrify                  Tmut/Erth      ##........   56%         4    N/A
 Summon Scorpions         Summ/Pois      ##......     56%         4    N/A
 Dispel Undead            Necr           ##......     88%         5    N/A
 Lee's Rapid Deconstruct  Erth           ##........   88%         5    N/A
 Venom Bolt               Conj/Pois      ##........   88%         5    N/A
 Bolt of Cold             Conj/Ice       ####......   89%         6    N/A
 Freezing Cloud           Ice/Air        ####......   89%         6    N/A
 Simulacrum               Ice/Necr       ####......   89%         6    N/A
 Death Channel            Chrm/Necr      ##........   100%        6    N/A
 Steam Barrier            Chrm/Fire      ##........   100%        6    N/A
 Regeneration             Chrm/Necr      Unusable     N/A         3    N/A
 Spider Form              Tmut/Pois      Unusable     N/A         3    N/A

Dungeon Overview and Level Annotations

Branches:
Dungeon (12/12)            Temple (1/1) D:7            Lair (6/6) D:9
  Swamp (0/3) Lair:2        Snake (0/3) Lair:3        Slime (0/5) Lair:6
    Orc (1/1) D:10            Elf (0/3) Orc          Vaults (0/3) D:12
 Depths (0/5) D:12

Altars:
Ashenzari
Cheibriados
Dithmenos
Elyvilon
Fedhas
Gozag
Hepliaklqana
Kikubaaqudgha
Lugonu
Makhleb
Nemelex Xobeh
Sif Muna
Trog
Uskayaw
Vehumet
Wu Jian
Xom
Zin
Beogh
Jiyva

Shops:
D:5 %   D:10 %=   D:12 **   Orc :((:*:[(   Lair:6 (

Portals:
Abyss: D:9
Trove: D:12 (give +7 bardiche)

Annotations:
D:7 Prince Ribbit
Lair:3 1 runed translucent door, Maplein's ghost, journeyman VSHu Orc 3 runed translucent doors, Anonimiaus's ghost, journeyman SDFi; Banto's ghost, journeyman DgWn


Innate Abilities, Weirdness & Mutations

You do not eat or drink.
You are immune to poison.
Your flesh is cold resistant. (rC+)
Your body sometimes deteriorates upon taking damage.
You are immune to negative energy. (rN+++)
You regenerate a little health from kills.
You are immune to unholy pain and torment.
You can survive without breathing.
When hurt, damage is shared between your health and your magic reserves.
Your movements are less encumbered by armour. (ER -4)
Casting spells heals you.


Message History

The titanic slime creature is severely wounded.
You block the titanic slime creature's attack.
You impale the titanic slime creature!!
The titanic slime creature is severely wounded.
The titanic slime creature barely misses you.
You thump the titanic slime creature!
The titanic slime creature is almost dead.
You block the titanic slime creature's attack.
You thump the titanic slime creature!
The titanic slime creature is almost dead.
The titanic slime creature hits you!!!!
Ouch! That really hurt!
You bludgeon the titanic slime creature!!
The titanic slime creature is almost dead.
You sock the titanic slime creature!
The titanic slime creature is almost dead.
The titanic slime creature hits you!!!!
Ouch! That really hurt!
You die...
Your body crumbles into a pile of gold.

#J# #$# #J# #.########## ########
#...........
#......#######...........
#......'.................
#......########.......... ####
#......'@JJ$..'.......... ...#
#......########.......... ...#
#......# #.......... ...#
#......# #########.# ...#
#......# #.# ...# #......# #.#
...# #......# ########.#
...######.....<#########......#.#
......................##.####.#.#


You could see a titanic slime creature and a slime creature.

Vanquished Creatures
  Kirke (Lair:6)
  A minotaur (Gauntlet)
  A yaktaur captain (D:12)
  A fire dragon (D:12)
  Erolcha (Orc)
  Fannar (D:10)
  9 hydras
  Psyche (D:12)
  An ice dragon (D:12)
  2 two-headed ogres (D:11)
  4 centaur warriors
  4 death yaks
  4 orc high priests
  5 skeletal warriors (D:12)
  A swamp dragon (D:10)
  A cyclops (D:12)
  4 orc knights
  An orc sorcerer (Orc)
  3 ugly things
  An oklob plant (Lair:6)
  An elephant (D:9)
  Joseph (D:8)
  5 centaur zombies
  A black mamba (Lair:6)
  A torpor snail (Lair:5)
  2 centaur skeletons (D:12)
  11 cane toads
  6 yaktaurs
  9 komodo dragons
  A rime drake (Lair:4)
  2 efreet
  2 freezing wraiths (D:12)
  A queen bee (Lair:3)
  4 trolls
  7 hornets
  2 polar bears
  17 dream sheep
  13 hippogriffs
  2 slime creatures
  4 centaur simulacra (Gauntlet)
  3 shadows
  13 spriggans
  A wraith (D:11)
  3 vampires
  2 wyverns
  A basilisk (Lair:3)
  10 hogs
  A human (D:7)
  20 yaks
  4 hungry ghosts
  A harpy simulacrum (Gauntlet)
  3 wargs
  2 acid dragons
  10 crocodiles
  3 nagas (Lair:3)
  3 swamp worms (Lair:2)
  A soldier ant (D:12)
  11 porcupines
  10 water moccasins
  24 orc warriors
  3 phantoms (D:4)
  3 black bears
  4 sky beasts
  8 ogres
  2 boggarts (Lair:6)
  A necrophage (D:9)
  31 wolves
  7 centaurs
  2 big kobolds
  10 bullfrogs
  A big kobold (shapeshifter) (D:12)
  5 gnoll sergeants
  A scorpion (D:11)
  30 killer bees
  2 howler monkeys
  9 wights
  3 electric eels
  13 crimson imps
  12 orc priests
  8 hounds
  4 jellies
  3 gnoll shamans
  7 iguanas
  12 orc wizards
  7 worker ants
  A hound skeleton (D:6)
  42 gnolls
  12 adders
  A shadow imp (D:12)
  An ooze (D:3)
  An ooze (shapeshifter) (D:12)
  An adder skeleton (D:4)
  5 worms
  2 dart slugs
  9 leopard geckos
  41 orcs
  3 giant cockroaches
  3 goblins
  9 hobgoblins
  12 jackals
  2 quokkas (D:2)
  2 ball pythons
  7 bats
  4 frilled lizards
  21 kobolds
  7 rats
  A bush (Lair:4)
640 creatures vanquished.

Vanquished Creatures (collateral kills)
  An orc warlord (D:10)
  A basilisk (Lair:2)
2 creatures vanquished.

Vanquished Creatures (others)
  A centaur skeleton (D:12)
  15 fungi
  A lurking horror (D:9)
  4 plants
  5 withered plants (Orc)
26 creatures vanquished.

Grand Total: 668 creatures vanquished

Notes
Turn   | Place    | Note
-------+----------+-------------------------------------------
     0 | D:1      | RaHiT the Skeleton Archaeologist began the quest for the
                  | Orb.
     0 | D:1      | Reached XP level 1. HP: 12/12 MP: 1/1
   234 | D:1      | Reached XP level 2. HP: 16/16 MP: 1/3
   413 | D:1      | Reached skill level 1 in Spellcasting
   747 | D:1      | Reached XP level 3. HP: 17/20 MP: 2/4
   992 | D:1      | HP: 1/20 [gnoll/cursed -3 club (5)]
  1037 | D:1      | HP: 1/20 [gnoll/cursed -3 club (3)]
  1079 | D:1      | HP: 1/20 [gnoll/cursed -3 club (2)]
  1566 | D:2      | Found a shimmering altar of Xom.
  1584 | D:2      | Found a shimmering altar of Xom.
  1615 | D:2      | Reached skill level 1 in Armour
  1615 | D:2      | Reached skill level 1 in Evocations
  1621 | D:2      | Found a shimmering altar of Xom.
  1727 | D:2      | Found a shimmering altar of Xom.
  1837 | D:2      | Found a shimmering altar of Xom.
  1909 | D:2      | Reached skill level 2 in Maces & Flails
  1909 | D:2      | Reached skill level 1 in Throwing
  1913 | D:2      | Reached XP level 4. HP: 25/25 MP: 6/6
  2327 | D:3      | Noticed an ogre
  2350 | D:3      | Reached XP level 5. HP: 30/30 MP: 8/8
  2350 | D:3      | Identified a scroll of acquirement
  2351 | D:3      | Identified the +12 bardiche "Qyruif" {chop, rN+ MR+ Dex+4}
                  | (You acquired it on level 3 of the Dungeon)
  2351 | D:3      | Identified the +4 medium shield "Luerchyv" {rC++ MR- rCorr
                  | Stlth+} (You acquired it on level 3 of the Dungeon)
  2351 | D:3      | Identified the ring "Kuocwall" {+Fly rN+ MR+ Int-4} (You
                  | acquired it on level 3 of the Dungeon)
  2474 | D:3      | Killed an ogre
  2475 | D:3      | Reached skill level 3 in Maces & Flails
  2506 | D:3      | Gained mutation: You regenerate a little health from kills.
                  | [Skeleton growth]
  2506 | D:3      | Reached XP level 6. HP: 36/36 MP: 10/10
  2573 | D:3      | Reached skill level 4 in Maces & Flails
  2853 | D:3      | Noticed a sky beast
  3009 | D:2      | Killed a sky beast
  3010 | D:2      | Reached XP level 7. HP: 25/41 MP: 9/11
  3534 | D:4      | Reached skill level 5 in Maces & Flails
  3730 | D:4      | Found a shimmering blue altar of Sif Muna.
  3812 | D:4      | Found a snail-covered altar of Cheibriados.
  3813 | D:4      | Found an ornate altar of the Wu Jian Council.
  3851 | D:4      | Reached XP level 8. HP: 48/48 MP: 12/12
  3887 | D:4      | Reached skill level 6 in Maces & Flails
  3952 | D:5      | Entered Level 5 of the Dungeon
  4053 | D:5      | Reached skill level 5 in Fighting
  4511 | D:4      | Reached skill level 7 in Maces & Flails
  4548 | D:5      | Reached skill level 5 in Throwing
  4724 | D:5      | Found Lasof's Food Boutique.
  5161 | D:5      | Reached XP level 9. HP: 52/55 MP: 14/14
  5363 | D:6      | Reached skill level 5 in Armour
  5375 | D:6      | Reached skill level 1 in Shields
  5535 | D:6      | Reached skill level 8 in Maces & Flails
  5567 | D:6      | Found an ancient bone altar of Kikubaaqudgha.
  5573 | D:6      | Found a shadowy altar of Dithmenos.
  6357 | D:7      | Reached skill level 5 in Spellcasting
  6372 | D:7      | Reached skill level 9 in Maces & Flails
  6554 | D:7      | Found a staircase to the Ecumenical Temple.
  6568 | Temple   | Entered the Ecumenical Temple
  6591 | Temple   | Became a worshipper of Gozag Ym Sagoz the Greedy
  6758 | D:7      | Got a transparent war axe
  6846 | D:7      | Identified the cursed +3 war axe of Rotten Judgement {chop,
                  | rElec rF+ MR-} (You found it on level 7 of the Dungeon)
  6942 | D:8      | Noticed Prince Ribbit
  7044 | D:8      | Noticed a purple ugly thing
  7134 | D:8      | Noticed Joseph
  7156 | D:8      | Gained mutation: Your movements are less encumbered by
                  | armour. (ER -4) [Skeleton growth]
  7156 | D:8      | Reached XP level 10. HP: 61/64 MP: 14/17
  7624 | D:8      | Killed Joseph
  7625 | D:8      | Reached skill level 10 in Maces & Flails
  8067 | D:9      | Noticed an elephant
  8089 | D:9      | Killed an elephant
  8118 | D:9      | Reached skill level 5 in Shields
  8186 | D:9      | Found a staircase to the Lair.
  8199 | D:9      | Found a white marble altar of Elyvilon.
  8436 | D:9      | Reached skill level 11 in Maces & Flails
  8611 | D:9      | Learned a level 1 spell: Corona
  8614 | D:9      | Learned a level 2 spell: Blink
  8618 | D:9      | Learned a level 3 spell: Mephitic Cloud
  8957 | D:9      | Found a corrupted altar of Lugonu.
  8957 | D:9      | Found a one-way gate to the infinite horrors of the Abyss.
  9168 | D:10     | Entered Level 10 of the Dungeon
  9171 | D:10     | Found Boamn's Food Emporium.
  9174 | D:10     | Noticed a five-headed hydra
  9183 | D:10     | Killed a five-headed hydra
  9184 | D:10     | Reached XP level 11. HP: 59/68 MP: 14/18
  9323 | D:10     | HP: 2/68 [yaktaur/bolt (11)]
  9524 | D:10     | Reached skill level 12 in Maces & Flails
  9539 | D:10     | Learned a level 1 spell: Apportation
  9562 | D:10     | Noticed Fannar
  9601 | D:10     | Found a blossoming altar of Fedhas.
  9941 | D:10     | Noticed a swamp dragon
  9941 | D:10     | a yaktaur changed into a swamp dragon
  9960 | Lair:1   | Entered Level 1 of the Lair of Beasts
 10044 | Lair:1   | Found a gate leading to a gauntlet.
 10070 | Gauntlet | Entered a Gauntlet
 10070 | Gauntlet | Found a transporter.
 10070 | Gauntlet | Found a transporter.
 10075 | Gauntlet | Found a transporter.
 10090 | Gauntlet | Found a transporter.
 10110 | Gauntlet | Found a transporter.
 10119 | Gauntlet | Found a transporter.
 10119 | Gauntlet | Noticed a death scarab
 10120 | Gauntlet | Noticed a death scarab
 10136 | Gauntlet | Found a transporter.
 10209 | Gauntlet | Found a transporter.
 10214 | Gauntlet | Noticed a catoblepas
 10233 | Gauntlet | Found a transporter.
 10244 | Gauntlet | Found a transporter.
 10248 | Gauntlet | Noticed a wolf spider
 10276 | Gauntlet | Found a transporter.
 10283 | Gauntlet | Found a transporter.
 10287 | Gauntlet | Noticed a purple ugly thing
 10304 | Gauntlet | Found a transporter.
 10313 | Gauntlet | Noticed an oklob plant
 10317 | Gauntlet | Found a transporter.
 10357 | Gauntlet | Found a transporter.
 10371 | Gauntlet | Noticed a great orb of eyes
 10372 | Gauntlet | Found a transporter.
 10502 | Gauntlet | Got a thick robe
 10540 | Gauntlet | Got a serpentine ivory amulet
 10547 | Gauntlet | Got a pair of fading gloves
 10718 | Gauntlet | Identified the amulet "Etudwapu" {Regen rC+} (You found it
                  | in a Gauntlet)
 10720 | Gauntlet | Identified the +1 pair of gloves of the Ward {rN+ Int+2}
                  | (You found it in a Gauntlet)
 10726 | Gauntlet | Identified the +1 robe "Kietaol" {rF+ rC+ Regen+ Int+4
                  | Slay+3} (You found it in a Gauntlet)
 10770 | Gauntlet | Reached skill level 13 in Maces & Flails
 10823 | Gauntlet | Identified the cursed +1 dagger "Bociss" {pierce, *Rage
                  | rElec Int+5}
 10823 | Gauntlet | Noticed a minotaur
 10844 | Gauntlet | Killed a minotaur
 11238 | Lair:1   | Found a shimmering blue altar of Sif Muna.
 11281 | Lair:1   | Reached skill level 14 in Maces & Flails
 11367 | Lair:1   | Noticed a four-headed hydra
 11377 | Lair:1   | Killed a four-headed hydra
 11439 | Lair:2   | Reached XP level 12. HP: 69/73 MP: 20/25
 11453 | Lair:2   | Reached skill level 10 in Spellcasting
 11783 | Lair:2   | Noticed a seven-headed hydra
 11826 | Lair:2   | Killed a seven-headed hydra
 11832 | Lair:2   | Noticed a seven-headed hydra
 11839 | Lair:2   | Killed a seven-headed hydra
 11858 | Lair:2   | Found a staircase to the Swamp.
 12397 | Lair:3   | Reached skill level 5 in Evocations
 12478 | Lair:3   | Found a runed translucent door.
 12486 | Lair:3   | Identified the +1 spear "Damn" {speed, +Inv Str+2 Dex+4}
 12511 | Lair:3   | Noticed Maplein's ghost (journeyman VSHu)
 12594 | Lair:3   | Found a staircase to the Snake Pit.
 13794 | Lair:4   | Reached XP level 13. HP: 78/78 MP: 25/29
 15101 | Lair:5   | Reached skill level 10 in Armour
 15457 | Lair:6   | Entered Level 6 of the Lair of Beasts
 15498 | Lair:6   | Found a staircase to the Slime Pits.
 15498 | Lair:6   | Found a viscous altar of Jiyva.
 15701 | Lair:6   | Reached skill level 10 in Fighting
 16109 | Lair:6   | Reached skill level 5 in Dodging
 16109 | Lair:6   | Noticed Kirke
 16130 | Lair:6   | Killed Kirke
 16406 | Lair:6   | Found a burning altar of Makhleb.
 16854 | Lair:6   | Got a coiled wooden ring
 16885 | Lair:6   | Reached XP level 14. HP: 65/88 MP: 19/30
 17033 | Lair:6   | Bought a +4 morningstar of protection for 428 gold pieces
 17318 | Lair:6   | Identified the ring "Rizxa Xeudo" {+Fly rF+ MP+9 Str-5}
                  | (You found it on level 6 of the Lair of Beasts)
 17720 | D:10     | Found a staircase to the Orcish Mines.
 17994 | D:10     | Killed Fannar
 18005 | D:10     | Learned a level 6 spell: Ozocubu's Refrigeration
 18165 | D:11     | Reached skill level 1 in Ice Magic
 18451 | D:11     | Reached skill level 10 in Dodging
 19253 | Orc      | Entered the Orcish Mines
 19293 | Orc      | Noticed Erolcha
 19310 | Orc      | Killed Erolcha
 19312 | Orc      | Noticed an orc warlord
 19393 | D:10     | Killed an orc warlord
 19720 | D:10     | Reached skill level 5 in Ice Magic
 19788 | Orc      | Found Peamutsa's Book Boutique.
 19917 | Orc      | Found a roughly hewn altar of Beogh.
 19961 | Orc      | Found Ykkihuirph's Weapon Shop.
 19981 | Orc      | Found Finythynume's Book Shop.
 20014 | Orc      | Bought a manual of Shields for 1766 gold pieces
 20037 | Orc      | Found Otrutur's Antique Weapon Shoppe.
 20051 | Orc      | Found Noydu's Book Emporium.
 20069 | Orc      | Found Lissicza's Antique Armour Emporium.
 20084 | Orc      | Found Imits's General Store.
 20182 | Orc      | Found a runed translucent gate.
 20182 | Orc      | Found a runed translucent gate.
 20183 | Orc      | Found a runed translucent gate.
 20189 | Orc      | Noticed Banto's ghost (journeyman DgWn)
 20189 | Orc      | Noticed Anonimiaus's ghost (journeyman SDFi)
 20511 | Orc      | Found Cyuki's Antique Weapon Boutique.
 20521 | Orc      | Found a staircase to the Elven Halls.
 20587 | Orc      | Bought a faintly humming cloak for 266 gold pieces
 20587 | Orc      | Identified the +1 cloak "Ywolug" {Dex+3} (You bought it in
                  | a shop in the Orcish Mines)
 20669 | Orc      | Reached skill level 10 in Throwing
 20755 | Orc      | Bought a scroll of identify for 28 gold pieces
 20755 | Orc      | Bought a scroll of identify for 28 gold pieces
 20755 | Orc      | Bought a scroll of enchant weapon for 105 gold pieces
 20755 | Orc      | Bought 2 scrolls of summoning for 280 gold pieces
 20755 | Orc      | Bought a scroll of immolation for 49 gold pieces
 20755 | Orc      | Bought a scroll of remove curse for 42 gold pieces
 20874 | D:12     | Entered Level 12 of the Dungeon
 21085 | D:12     | Reached skill level 10 in Shields
 21226 | D:12     | Found Vagoi's Changing Room.
 21226 | D:12     | Noticed Psyche
 21240 | D:12     | Killed Psyche
 21422 | D:12     | Found a staircase to the Depths.
 21467 | D:12     | Reached XP level 15. HP: 74/92 MP: 21/31
 21653 | D:12     | Found Ohiluok's General Store.
 21787 | D:12     | Found a gate to the Vaults.
 21828 | D:12     | Found a portal to a secret trove of treasure.
 22098 | D:12     | Annihilated by a titanic slime creature

Skill      XL: |  1  2  3  4  5  6  7  8  9 10 11 12 13 14 15 |
---------------+----------------------------------------------+-----
Spellcasting   | 1 2 3 5 9 12 | 12.1
Armour         | 1 2 3 4 5 7 8 10 | 10.0
Evocations     | 1 2 8 |  8.0
Stealth        | 4 |  4.0
Maces & Flails | 2 3 4 5 7 9 11 14 | 14.0
Throwing       | 1 2 4 5 6 8 10 | 10.0
Fighting       | 2 3 4 6 7 8 10 | 10.0
Shields        | 3 6 9 11 12 | 12.0
Dodging        | 8 10 | 10.0
Ice Magic      | 7 8 |  8.2

Action                   |  1- 3 |  4- 6 |  7- 9 | 10-12 | 13-15 || total
-------------------------+-------+-------+-------+-------+-------++-------
Melee: Whip              |   257 |     2 |     1 |       |       ||   260
       Dagger            |       |   118 |   527 |       |       ||   645
       Flail             |       |       |    50 |       |       ||    50
       Mace              |       |       |    67 |   820 |   574 ||  1461
       Spear             |       |       |       |    19 |     8 ||    27
       Morningstar       |       |       |       |       |   848 ||   848
 Fire: Blowgun           |     1 |     3 |     8 |    12 |       ||    24
Throw: Stone             |    22 |    20 |    21 |   157 |   128 ||   348
       Javelin           |       |     1 |     5 |    22 |   102 ||   130
       Tomahawk          |       |       |       |       |     7 ||     7
 Cast: Mephitic Cloud    |       |       |       |       |     7 ||     7
       Blink             |       |       |       |       |     4 ||     4
Invok: Potion Petition   |       |       |       |     3 |       ||     3
       Call Merchant     |       |       |       |     1 |     1 ||     2
 Abil: Evoke Fog         |       |       |       |       |     1 ||     1
Evoke: Wand              |       |       |       |    11 |    16 ||    27
       Phantom mirror    |       |       |       |     1 |     1 ||     2
  Use: Scroll            |     4 |     3 |     8 |    17 |     7 ||    39
 Stab: Sleeping          |     4 |       |     3 |     3 |     4 ||    14
       Distracted        |       |       |       |     6 |     4 ||    10
       Confused          |       |       |       |       |     4 ||     4
Armor: Robe              |    60 |    18 |    72 |   114 |   352 ||   616
       Ring mail         |       |       |   122 |    94 |       ||   216
Dodge: Dodged            |   179 |    71 |   455 |   386 |   756 ||  1847
Block: Buckler           |       |       |    15 |   230 |   419 ||   664
       Reflection        |       |       |       |       |    16 ||    16
